AoeStats
← 3ms

Arabia

510860741Analyzed
1v1 RM · 10h ago on Oct 2, 2026· 51m 49s· 2 players
Game mode
Random Map
Map size
Tiny (2 player)
Population
200
Speed
Normal
Resources
Standard
Victory
Conquest
Starting age
Dark Age
Ending age
Imperial Age
RankedLock teamsTeams togetherTeam positionsShared explorationLock speedFull tech treeHidden civsTurbo modeCheats
Victory
Defeat
🇦🇷 Persians · Argentina
1133
+17
🇨🇴 Spanish · Colombia
1157
-17
3ms
9:03 Feudal Age
9:23 Double-Bit Axe
9:21 Horse Collar
11:05 Loom
20:48 Castle Age
18:52 Stone Mining
19:30 Gold Mining
21:00 Fletching
21:15 Padded Archer Armor
24:09 Wheelbarrow
23:28 Town Watch
25:49 Forging
25:47 Scale Barding Armor
29:00 Bloodlines
29:14 Heavy Plow
33:07 Kamandaran
33:48 Bodkin Arrow
35:40 Forging
37:33 Thumb Ring
36:48 Crossbowman
38:00 Devotion
39:16 Chain Barding Armor
39:32 Iron Casting
40:06 Stone Shaft Mining
39:14 Pikeman
39:40 Gambesons
39:55 Squires
43:41 Imperial Age
43:12 Leather Archer Armor
45:35 Blast Furnace
45:11 Plate Barding Armor
45:22 Halberdier
46:05 Scale Mail Armor
46:45 Elite Skirmisher
48:59 Heavy Camel Rider
51:15 Ballistics
51:58 Chemistry
Abraksas
8:16 Loom
10:27 Feudal Age
14:43 Double-Bit Axe
17:27 Wheelbarrow
20:24 Castle Age
19:03 Stone Mining
20:26 Bloodlines
20:04 Horse Collar
23:37 Town Watch
27:30 Forging
28:39 Bow Saw
28:32 Heavy Plow
28:18 Loom
30:18 Husbandry
36:14 Imperial Age
35:18 Hand Cart
35:04 Town Patrol
37:23 Cavalier
39:37 Conscription
42:59 Light Cavalry
44:49 Two-Man Saw
44:43 Gold Mining
44:40 Hussar
45:28 Scale Barding Armor
45:59 Iron Casting
50:01 Stone Shaft Mining
51:08 Supremacy
Connection lost

Rejoining the realm…

Still unreachable

The connection could not be restored.

Session expired

The server has moved on; the page needs a fresh start.